[Event "Titled Tuesday Blitz May 23 Early 2023"]
[White "Hinds, Nathan"]
[Black "Artemenko, Oleg"]
[WhiteFideId "7400730"]
[BlackFideId "14201798"]
[WhiteElo "2001"]
[BlackElo "2287"]
[Result "0-1"]
[Round "07"]
[TimeControl "180+2"]
[Date "2023.05.23"]
[WhiteClock "0:01:13"]
[BlackClock "0:00:40"]

1. d4 Nf6 2. c4 g6 3. b4 Bg7 4. Bb2 O-O 5. Nf3 d5 6. e3 a5 7. a3 axb4 8. axb4 Rxa1 9. Bxa1 dxc4 10. Bxc4 Nd5 11. Qb3 c6 12. O-O h6 13. Nc3 Be6 14. b5 Nxc3 15. Qxc3 Bxc4 16. Qxc4 Qd7 17. Rb1 cxb5 18. Qxb5 Qxb5 19. Rxb5 Rc8 20. Rb1 b5 21. Kf1 Nd7 22. Rxb5 Rc1+ 23. Ne1 Rxa1 24. Rb7 Nf6 25. Rxe7 Ne4 26. f3 Nc3 27. Rc7 Nd5 28. Rc8+ Kh7 29. e4 Nf4 30. Kf2 Bxd4+ 31. Kg3 Nh5+ 32. Kh3 Rxe1 33. Rc7 Kg7 34. g3 Re2 35. Rc1 f5 36. exf5 gxf5 37. Rd1 Be5 38. f4 Nxf4+ 39. gxf4 Bxf4 40. Rh1 Kf6 41. Kh4 Rxh2+ 42. Rxh2 Bxh2 43. Kh5 f4 44. Kxh6 f3 0-1


[Site "https://www.chess.com"]

[Event "Titled Tuesday Blitz May 23 Early 2023"]
[White "littlepillow2010"]
[Black "Iskusnyh, Sergei"]
[BlackFideId "4120027"]
[WhiteElo "2343"]
[BlackElo "2492"]
[Result "0-1"]
[Round "07"]
[TimeControl "180+2"]
[Date "2023.05.23"]
[WhiteClock "0:00:03"]
[BlackClock "0:00:06"]

1. e4 e6 2. d4 d5 3. exd5 exd5 4. Nf3 Nf6 5. Bd3 c5 6. dxc5 Bxc5 7. O-O O-O 8. Nc3 Nc6 9. Bg5 h6 10. Bxf6 Qxf6 11. Nxd5 Qxb2 12. Qd2 Ne5 13. Nxe5 Qxe5 14. Rfe1 Qh5 15. Rad1 Bg4 16. Be2 Bxe2 17. Qxe2 Qxe2 18. Rxe2 Rfd8 19. Kf1 Kf8 20. Red2 Rac8 21. Ke2 Re8+ 22. Kf3 Rc6 23. g3 Ra6 24. c4 Rc6 25. Re2 Rxe2 26. Kxe2 Ra6 27. Rd2 g6 28. Rb2 Kg7 29. Kd3 Ra3+ 30. Nc3 b6 31. f3 Be7 32. Rb3 Ra5 33. Rb5 Ra6 34. Rb3 Bf6 35. a3 Bxc3 36. Rxc3 Ra5 37. Kd4 Kf6 38. Re3 g5 39. g4 Rc5 40. Re8 Rc7 41. Re1 Kg6 42. a4 h5 43. h3 h4 44. Kc3 Kf6 45. Re8 Rc5 46. Ra8 Ra5 47. Kb4 Ke5 48. Rf8 f6 49. Rf7 Ke6 50. Rf8 Ke7 51. Ra8 Kd6 52. Rf8 Ke6 53. Re8+ Kf7 54. Ra8 Ke7 55. Rh8 Re5 56. Rh7+ Kd6 57. Rxa7 Re3 58. Rb7 Kc6 59. Rf7 Rxf3 60. c5 Rf4+ 61. Kc3 Kxc5 62. Kb3 Rf3+ 63. Kc2 Rxh3 64. Rxf6 Rg3 65. Rf5+ Kb4 66. Rxg5 Kxa4 67. Rg8 h3 68. g5 b5 69. g6 Rg2+ 70. Kc1 Kb3 71. g7 b4 72. Rh8 Rg1+ 73. Kd2 Rxg7 74. Rxh3+ Kb2 75. Rh8 b3 76. Rb8 Rd7+ 77. Ke2 Kc2 78. Rc8+ Kb1 79. Rb8 b2 80. Ra8 Rd5 81. Rb8 Kc2 82. Rc8+ Kb3 83. Rb8+ Kc3 84. Rc8+ Kb4 85. Rb8+ Rb5 0-1


[Site "https://www.chess.com"]

[Event "Titled Tuesday Blitz May 23 Early 2023"]
[White "hakanazeri2"]
[Black "Alexikov, Alexander"]
[BlackFideId "14103958"]
[WhiteElo "2564"]
[BlackElo "2186"]
[Result "1-0"]
[Round "07"]
[TimeControl "180+2"]
[Date "2023.05.23"]
[WhiteClock "0:00:17"]
[BlackClock "0:00:00"]

1. Nc3 Nf6 2. d4 d6 3. e4 g6 4. f4 Bg7 5. Nf3 O-O 6. h3 Nc6 7. Be3 Nh5 8. Kf2 f5 9. e5 d5 10. Bb5 Na5 11. Qd2 a6 12. Bd3 Nc6 13. Rag1 Bh8 14. g4 Ng7 15. Ne2 e6 16. g5 Nh5 17. h4 Bg7 18. Ng3 Nxg3 19. Rxg3 Kf7 20. h5 Rg8 21. Rgh3 Ne7 22. hxg6+ hxg6 23. Rh7 Bd7 24. Be2 Bb5 25. Bd1 a5 26. Nh4 Qd7 27. Ke1 b6 28. Qh2 Rh8 29. Nxg6 Nxg6 30. Bh5 Rxh7 31. Bxg6+ Kxg6 32. Qxh7+ Kf7 33. Rh6 Qc6 34. Rf6+ Ke7 35. Qxg7+ Kd8 36. Rf8+ Qe8 37. Bf2 1-0


[Site "https://www.chess.com"]

[Event "Titled Tuesday Blitz May 23 Early 2023"]
[White "Yanayt, Eugene"]
[Black "Goltseva, Ekaterina"]
[WhiteFideId "2020165"]
[BlackFideId "24173770"]
[WhiteElo "2083"]
[BlackElo "2114"]
[Result "0-1"]
[Round "07"]
[TimeControl "180+2"]
[Date "2023.05.23"]
[WhiteClock "0:00:16"]
[BlackClock "0:00:52"]

1. e4 Nf6 2. e5 Nd5 3. d4 d6 4. exd6 cxd6 5. Nf3 g6 6. Bc4 Nb6 7. Bb3 Bg7 8. h4 Bg4 9. Be3 d5 10. Nbd2 Nc6 11. c3 O-O 12. Qb1 e5 13. dxe5 Nxe5 14. Nd4 Nbc4 15. Nxc4 Nxc4 16. O-O Qxh4 17. f3 Nxe3 18. fxg4 Bxd4 19. cxd4 Nxg4 20. Re1 Qh2+ 21. Kf1 Rae8 22. Rxe8 Rxe8 0-1


[Site "https://www.chess.com"]

[Event "Titled Tuesday Blitz May 23 Early 2023"]
[White "Sovetbekova, Nurai"]
[Black "Tanmay Jain"]
[WhiteFideId "13801910"]
[BlackFideId "45015481"]
[WhiteElo "1857"]
[BlackElo "2032"]
[Result "0-1"]
[Round "07"]
[TimeControl "180+2"]
[Date "2023.05.23"]
[WhiteClock "0:00:25"]
[BlackClock "0:00:18"]

1. d4 c5 2. d5 d6 3. c4 Nf6 4. Nc3 e5 5. e4 g6 6. Nf3 Bg7 7. Be2 O-O 8. Be3 h6 9. Qd2 Kh7 10. h4 Ne8 11. h5 g5 12. Bxg5 hxg5 13. Nxg5+ Kh8 14. h6 Bf6 15. Rh5 Bxg5 16. Rxg5 Qf6 17. Rg3 Na6 18. O-O-O Nac7 19. Rf1 Qf4 20. Re3 Bd7 21. g3 Qf6 22. f4 Qg6 23. f5 Qg5 24. Kc2 Nf6 25. Rh1 Rab8 26. Qd3 a6 27. a4 Ng4 28. Rf3 Nf6 29. Rff1 b5 30. axb5 axb5 31. cxb5 Nxb5 32. Nd1 Nd4+ 33. Kb1 Rb4 34. Ne3 Nxe2 35. Qxe2 Rxe4 36. Rf3 Nxd5 37. Qd3 Rxe3 38. Qxd5 Rxf3 39. Qxf3 Qxf5+ 40. Qxf5 Bxf5+ 0-1


[Site "https://www.chess.com"]

[Event "Titled Tuesday Blitz May 23 Early 2023"]
[White "Georg, Heinz"]
[Black "Estrada Nieto, Julian"]
[WhiteFideId "4607295"]
[BlackFideId "5101018"]
[WhiteElo "2315"]
[BlackElo "2161"]
[Result "0-1"]
[Round "07"]
[TimeControl "180+2"]
[Date "2023.05.23"]
[WhiteClock "0:00:00"]
[BlackClock "0:00:06"]

1. e4 e5 2. Nf3 Nc6 3. Nc3 Nf6 4. d4 exd4 5. Nd5 Be7 6. Nxd4 Nxd5 7. exd5 Nxd4 8. Qxd4 O-O 9. Be2 d6 10. O-O Bf6 11. Qd3 Re8 12. c3 Bf5 13. Qd1 Qd7 14. Be3 a6 15. Re1 Rxe3 16. fxe3 Bg5 17. Bf3 Re8 18. e4 Bg6 19. Qd3 h5 20. Re2 Bf4 21. Rf1 Be5 22. g3 Qe7 23. Bg2 h4 24. Bh3 hxg3 25. hxg3 Qg5 26. Kg2 Bh5 27. Ref2 Bg6 28. Bf5 Bh5 29. Rh1 g6 30. Bd7 Re7 31. Ba4 Bg4 32. Bd1 Kg7 33. Bxg4 Qxg4 34. Rh4 Qg5 35. Qf3 f6 36. Rg4 Qc1 37. Qf5 g5 38. Kh3 Qh1+ 39. Rh2 Qg1 40. Qf2 Qxf2 41. Rxf2 Kg6 42. Kg2 Rh7 43. Kf3 Rh1 44. Kg2 Re1 45. a3 Kh5 46. Kf3 Re3+ 47. Kxe3 Kxg4 48. Rg2 Bxg3 49. b4 Kh3 50. Kf3 Be5 51. Rg1 Bh2 52. Rh1 g4+ 53. Kf2 g3+ 54. Kf3 g2 55. Re1 g1=Q 56. Rxg1 Bxg1 57. c4 Bb6 58. Kf4 Bd4 59. Kf5 Be5 60. c5 Kg3 0-1


[Site "https://www.chess.com"]

[Event "Titled Tuesday Blitz May 23 Early 2023"]
[White "Omariev, Maksim"]
[Black "Smiechu"]
[WhiteFideId "4193423"]
[WhiteElo "2476"]
[BlackElo "2313"]
[Result "0-1"]
[Round "07"]
[TimeControl "180+2"]
[Date "2023.05.23"]
[WhiteClock "0:00:00"]
[BlackClock "0:00:49"]

1. h4 d5 2. h5 h6 3. d4 Nc6 4. Bf4 Nf6 5. e3 Bf5 6. Bd3 Bxd3 7. cxd3 e6 8. Nc3 Bd6 9. Nge2 Qe7 10. Qb3 Rb8 11. O-O-O b5 12. Kb1 b4 13. Na4 Na5 14. Qc2 b3 15. axb3 O-O 16. Nc5 Nd7 17. Rc1 Bxc5 18. dxc5 Nxb3 19. Bxc7 Ndxc5 20. Bxb8 Rxb8 21. d4 Na4 22. Rcd1 Qb7 23. Nc3 Rc8 24. Rd3 Rc4 25. Rhd1 Qa6 26. Nxa4 Rxc2 27. Kxc2 Na5 28. Nc5 Qc4+ 29. Rc3 Qe2+ 30. Rd2 Qxh5 31. b3 Qg6+ 32. Kb2 Qxg2 33. Rdc2 Nc6 34. Ka3 Qf1 0-1


[Site "https://www.chess.com"]

[Event "Titled Tuesday Blitz May 23 Early 2023"]
[White "Buscar, Michael"]
[Black "Koutlas, Nikolaos"]
[WhiteFideId "2603616"]
[BlackFideId "25827138"]
[WhiteElo "2010"]
[BlackElo "2215"]
[Result "1-0"]
[Round "07"]
[TimeControl "180+2"]
[Date "2023.05.23"]
[WhiteClock "0:00:08"]
[BlackClock "0:00:00"]

1. Nf3 g6 2. g3 Bg7 3. Bg2 f5 4. c4 Nf6 5. O-O O-O 6. d4 d6 7. d5 e5 8. dxe6 Bxe6 9. Nd4 Bc8 10. Nc3 c6 11. Bg5 Qe7 12. Qd2 Re8 13. Rad1 Nbd7 14. Nb3 Bf8 15. e4 fxe4 16. Nxe4 Nxe4 17. Bxe7 Nxd2 18. Bxf8 Nxb3 19. Bxd6 Nbc5 20. b4 Ne4 21. Bf4 Nc3 22. Rfe1 Re2 23. b5 Nf6 24. bxc6 bxc6 25. Bxc6 Bg4 26. Bxa8 Nxd1 27. Rxd1 Re8 28. Bd5+ Nxd5 29. Rxd5 Bf3 30. Re5 Rd8 31. Re1 Kf7 32. Be3 a6 33. a4 Rd3 34. a5 Ra3 35. Bb6 Rc3 36. c5 g5 37. h3 h5 38. Kh2 g4 39. Rf1 Ke6 40. c6 Rxc6 41. Re1+ Kf5 42. h4 Rc2 43. Kg1 Ra2 44. Rc1 Ke4 45. Kf1 Kd3 46. Ke1 Re2+ 47. Kf1 Rb2 48. Ra1 Kc4 49. Ke1 Bg2 50. Rc1+ Kd3 51. Rd1+ Ke4 52. Rd2 Rb1+ 53. Rd1 Rb3 54. Kd2 Rb2+ 55. Kc3 Ra2 56. Re1+ Kd5 57. Re8 Be4 58. Rg8 Rc2+ 59. Kb3 Bf5 60. Rg5 1-0


[Site "https://www.chess.com"]

[Event "Titled Tuesday Blitz May 23 Early 2023"]
[White "Rom, Jasper"]
[Black "Manon-og, Ramon Jr."]
[WhiteFideId "2023733"]
[BlackFideId "5200776"]
[WhiteElo "2233"]
[BlackElo "2308"]
[Result "0-1"]
[Round "07"]
[TimeControl "180+2"]
[Date "2023.05.23"]
[WhiteClock "0:00:00"]
[BlackClock "0:00:08"]

1. e4 c5 2. Nc3 d6 3. f4 Nc6 4. Nf3 g6 5. Bb5 Bg7 6. d3 e6 7. Bxc6+ bxc6 8. O-O Ne7 9. Qe1 O-O 10. Qh4 Rb8 11. Kh1 d5 12. Qf2 c4 13. Qxa7 Rb6 14. e5 Bb7 15. Rb1 Qc7 16. Be3 c5 17. Na4 Rb5 18. Nxc5 Ra8 19. Nxe6 fxe6 20. Qd4 Nf5 21. Qc3 Nxe3 22. Rfe1 Nf5 23. a3 Qc6 24. Nd4 Nxd4 25. Qxd4 Bf8 26. Qf2 d4 27. Re2 cxd3 28. cxd3 Qd6 29. Rc1 Qd5 30. h3 Rc8 31. Rf1 Rb3 32. Qg3 Ba6 33. f5 exf5 34. Rxf5 Rxd3 35. Qg4 Rd1+ 36. Kh2 Bxe2 37. Qg5 Bd6 38. exd6 Qxf5 39. d7 Qxd7 0-1


[Site "https://www.chess.com"]

[Event "Titled Tuesday Blitz May 23 Early 2023"]
[White "Goldin, Roman"]
[Black "Kaplan, Avi Harrison"]
[WhiteFideId "2803860"]
[BlackFideId "30934559"]
[WhiteElo "2312"]
[BlackElo "1983"]
[Result "1-0"]
[Round "07"]
[TimeControl "180+2"]
[Date "2023.05.23"]
[WhiteClock "0:00:29"]
[BlackClock "0:00:23"]

1. Nf3 Nf6 2. b3 g5 3. Nxg5 Rg8 4. Nf3 d5 5. Bb2 a5 6. g3 a4 7. bxa4 Rxa4 8. Bg2 h5 9. h3 Bf5 10. d3 Qd7 11. Nbd2 Na6 12. Ne5 Qe6 13. c4 Rb4 14. Bc3 Rb6 15. Qa4+ Nd7 16. Nxd7 Qxd7 17. Qxd7+ Bxd7 18. cxd5 Nc5 19. Nc4 Rbg6 20. Bd4 Na4 21. Ne5 Rg5 22. h4 Rxe5 23. Bxe5 Nb6 24. Bxc7 Nc8 25. Rb1 Rg6 26. Rxb7 Ra6 27. O-O Rxa2 28. Bf3 Bg7 29. Bxh5 Bf6 30. Rc1 Kf8 31. Bf4 Bh3 32. g4 Bxh4 33. Rxc8+ Kg7 34. Kh2 Bf1 35. Be5+ f6 36. Rxe7+ Kh6 37. Bf4+ Bg5 38. Rh8# 1-0


[Site "https://www.chess.com"]

[Event "Titled Tuesday Blitz May 23 Early 2023"]
[White "Lesbekova, Assel"]
[Black "Fiedorek, Michal"]
[WhiteFideId "13713248"]
[BlackFideId "1199528"]
[WhiteElo "1805"]
[BlackElo "2135"]
[Result "1-0"]
[Round "07"]
[TimeControl "180+2"]
[Date "2023.05.23"]
[WhiteClock "0:00:16"]
[BlackClock "0:00:00"]

1. e4 c5 2. Nf3 Nc6 3. Bb5 g6 4. O-O Bg7 5. Re1 e5 6. c3 Nge7 7. Na3 O-O 8. Nc2 d5 9. exd5 Qxd5 10. Ne3 Qd8 11. Nc4 Bg4 12. h3 Bxf3 13. Qxf3 a6 14. Bxc6 Nxc6 15. b3 Qc7 16. Ba3 b5 17. Bxc5 bxc4 18. Bxf8 Rxf8 19. bxc4 Rd8 20. d3 e4 21. dxe4 Ne5 22. Qe2 Nxc4 23. Red1 Rc8 24. Rac1 h5 25. g3 h4 26. gxh4 Qf4 27. Qg4 Qc7 28. Qd7 Qc5 29. Rd5 Qc6 30. Rb1 Qxd7 31. Rxd7 Bxc3 32. Rbb7 Ne5 33. Rdc7 Rxc7 34. Rxc7 Bd4 35. Kf1 Nf3 36. h5 gxh5 37. Ke2 Ne5 38. f4 Ng6 39. Kf3 a5 40. e5 Kf8 41. Ke4 Bb2 42. a4 Ke8 43. Rc5 Ba3 44. Rxa5 h4 45. Ra7 Bb4 46. a5 Ne7 47. a6 Bc5 48. Rc7 Bb6 49. a7 1-0


[Site "https://www.chess.com"]

[Event "Titled Tuesday Blitz May 23 Early 2023"]
[White "Bashkansky, Ethan"]
[Black "Sanhueza, Cristian"]
[WhiteFideId "2071533"]
[BlackFideId "116815"]
[WhiteElo "2303"]
[BlackElo "2174"]
[Result "1-0"]
[Round "07"]
[TimeControl "180+2"]
[Date "2023.05.23"]
[WhiteClock "0:00:09"]
[BlackClock "0:00:00"]

1. d4 Nf6 2. c4 g6 3. Nc3 Bg7 4. e4 d6 5. f3 O-O 6. Be3 c5 7. dxc5 dxc5 8. Qxd8 Rxd8 9. Bxc5 Nc6 10. Nd5 Nd7 11. Bxe7 Nxe7 12. Nxe7+ Kf8 13. Nd5 Bxb2 14. Rb1 Bg7 15. Nh3 Nc5 16. Ng5 h6 17. Nh7+ Kg8 18. Nhf6+ Kf8 19. Nh7+ Kg8 20. Nhf6+ Kh8 21. Be2 Rd6 22. e5 Ra6 23. Nc7 Bf5 24. Nxa6 bxa6 25. Rd1 Rb8 26. O-O Bxf6 27. exf6 Rb2 28. Rfe1 Rxa2 29. Rd8+ Kh7 30. Ra8 g5 31. g4 Be6 32. Rxa7 Kg6 33. Rc7 Nb3 34. Bd3+ Kxf6 35. c5 Nd4 36. Be4 a5 37. Ra7 a4 38. c6 a3 39. c7 Ne2+ 40. Kf1 Nc3 41. Ra6 Ke7 42. Bb1 Rxh2 43. Rexe6+ Kd7 44. Re7+ 1-0


[Site "https://www.chess.com"]

[Event "Titled Tuesday Blitz May 23 Early 2023"]
[White "Nissinen, Niilo Man"]
[Black "Mrudul Dehankar"]
[WhiteFideId "30950767"]
[BlackFideId "25096990"]
[WhiteElo "1952"]
[BlackElo "2139"]
[Result "0-1"]
[Round "07"]
[TimeControl "180+2"]
[Date "2023.05.23"]
[WhiteClock "0:01:14"]
[BlackClock "0:00:04"]

1. e4 c6 2. d4 d5 3. Nd2 dxe4 4. Nxe4 Nf6 5. Nxf6+ exf6 6. c3 Bd6 7. Bd3 O-O 8. Qc2 Re8+ 9. Ne2 h5 10. O-O h4 11. h3 Nd7 12. Bf4 Nf8 13. Bxd6 Qxd6 14. c4 Ng6 15. Rad1 f5 16. Rfe1 Qf6 17. d5 cxd5 18. cxd5 Bd7 19. Qc3 Ne5 20. Bb1 Rac8 21. Qb3 Ng6 22. Qxb7 Re7 23. Nd4 Rce8 24. Rxe7 Rxe7 25. Nf3 Ba4 26. Qb8+ Kh7 27. b3 Bd7 28. Qf4 Nxf4 29. d6 Qg6 30. Nxh4 Qh5 31. dxe7 Qxd1+ 32. Kh2 Qxb1 33. g3 Nd3 34. Kg2 Qc2 35. Nxf5 Qxf2+ 36. Kh1 Bc6# 0-1


[Site "https://www.chess.com"]

[Event "Titled Tuesday Blitz May 23 Early 2023"]
[White "Gatterer, Florian"]
[Black "Bashirli, Saadat"]
[WhiteFideId "811688"]
[BlackFideId "13429990"]
[WhiteElo "2221"]
[BlackElo "1408"]
[Result "1-0"]
[Round "07"]
[TimeControl "180+2"]
[Date "2023.05.23"]
[WhiteClock "0:00:32"]
[BlackClock "0:00:00"]

1. e4 c6 2. d4 d5 3. e5 g6 4. h3 Bg7 5. Bd3 f5 6. Nf3 Nh6 7. O-O Nf7 8. Re1 e6 9. b4 a6 10. a4 Nd7 11. Na3 O-O 12. c3 b5 13. Nc2 Bb7 14. g3 Nb6 15. a5 Na4 16. Bd2 Nb2 17. Qe2 Nxd3 18. Qxd3 Re8 19. Rad1 Qc7 20. Na1 Rad8 21. Nb3 Bf8 22. Ng5 Nxg5 23. Bxg5 Rd7 24. Qd2 Bc8 25. Kg2 Rf7 26. Rh1 Bb7 27. Rde1 h5 28. f3 Rh7 29. g4 hxg4 30. hxg4 Bg7 31. Rxh7 Kxh7 32. Rh1+ Kg8 33. Nc5 Bc8 34. Bf6 Qf7 35. Qg5 Rf8 36. Qh4 Re8 37. Nd3 Kf8 38. Nf4 Rd8 39. Qh7 1-0


[Site "https://www.chess.com"]

[Event "Titled Tuesday Blitz May 23 Early 2023"]
[White "Petrova, Irina"]
[Black "Rosh Jain"]
[WhiteFideId "14124122"]
[BlackFideId "25789465"]
[WhiteElo "2084"]
[BlackElo "2233"]
[Result "0-1"]
[Round "07"]
[TimeControl "180+2"]
[Date "2023.05.23"]
[WhiteClock "0:00:05"]
[BlackClock "0:01:32"]

1. e4 c5 2. Nf3 d6 3. Bb5+ Nd7 4. O-O Nf6 5. Re1 a6 6. Bf1 g6 7. c3 Bg7 8. d4 cxd4 9. cxd4 e5 10. d5 O-O 11. Nc3 b5 12. a3 Nb6 13. h3 Ne8 14. Nd2 f5 15. f3 f4 16. Nb3 g5 17. Na5 Bd7 18. Bd2 h5 19. Rc1 Nf6 20. Na2 g4 21. hxg4 hxg4 22. Nc6 Bxc6 23. Rxc6 g3 24. Ba5 Nfd7 25. Bd3 Qh4 26. Bxb6 Nxb6 27. Bb1 Qh2+ 28. Kf1 Qh1+ 29. Ke2 Qxg2+ 30. Kd3 Nc4 31. Rxc4 bxc4+ 32. Kc3 a5 33. Rg1 Qf2 34. Rh1 Rab8 35. Bc2 Qe3+ 0-1


[Site "https://www.chess.com"]

[Event "Titled Tuesday Blitz May 23 Early 2023"]
[White "Antonova, Nadezhda"]
[Black "Jakubowska, Anna"]
[WhiteFideId "14700182"]
[BlackFideId "1121952"]
[WhiteElo "1799"]
[BlackElo "2001"]
[Result "0-1"]
[Round "07"]
[TimeControl "180+2"]
[Date "2023.05.23"]
[WhiteClock "0:00:00"]
[BlackClock "0:00:47"]

1. Nf3 f5 2. g3 Nf6 3. Bg2 g6 4. b3 Bg7 5. Bb2 O-O 6. O-O d6 7. d4 e5 8. dxe5 Ng4 9. c4 Nxe5 10. Nc3 Nbc6 11. e3 Nxf3+ 12. Bxf3 Be6 13. Qd2 Rb8 14. Rfd1 Qd7 15. Bg2 Qe7 16. Nd5 Bxd5 17. Bxd5+ Kh8 18. Rac1 Bxb2 19. Qxb2+ Qg7 20. Qxg7+ Kxg7 21. c5 dxc5 22. Bxc6 bxc6 23. Rxc5 Rb6 24. Rd7+ Rf7 25. Rd8 Kf6 26. Kf1 Ke6 27. Ke2 Rd7 28. Rxd7 Kxd7 29. Kd3 Kd6 30. Rc2 Rb5 31. Rc4 Ra5 32. a4 Rd5+ 33. Rd4 a5 34. f3 Kc5 35. Rxd5+ cxd5 36. Kc3 g5 37. f4 g4 38. Kd3 c6 39. Kc3 h6 40. Kd3 Kb4 41. Kc2 c5 42. Kb2 c4 43. bxc4 Kxc4 44. Kc2 Kb4 45. Kd3 Kxa4 46. Kd4 Kb3 47. Kxd5 a4 48. e4 a3 49. exf5 a2 50. f6 a1=Q 51. f7 Qf6 52. Ke4 Qxf7 53. f5 Kc4 54. Kf4 h5 55. Kg5 Kd4 56. Kh4 Qxf5 57. h3 Qf6+ 0-1


[Site "https://www.chess.com"]

[Event "Titled Tuesday Blitz May 23 Early 2023"]
[White "rionelG"]
[Black "Novikova, Galina"]
[BlackFideId "4157095"]
[WhiteElo "2216"]
[BlackElo "1953"]
[Result "0-1"]
[Round "07"]
[TimeControl "180+2"]
[Date "2023.05.23"]
[WhiteClock "0:00:00"]
[BlackClock "0:00:55"]

1. e4 e6 2. d3 d5 3. Nd2 Nf6 4. g3 g6 5. Bg2 Bg7 6. Ngf3 O-O 7. O-O c5 8. Re1 Nc6 9. Nf1 a5 10. e5 Nd7 11. Bf4 h6 12. h4 b5 13. N1h2 h5 14. g4 hxg4 15. Nxg4 Nd4 16. c3 Nxf3+ 17. Qxf3 Qxh4 18. Kf1 f5 19. exf6 Nxf6 20. Nxf6+ Rxf6 21. Bg3 Qg5 22. Qe3 Qxe3 23. Rxe3 Bd7 24. c4 Bc6 25. Rae1 Re8 26. Be5 Rf5 27. Bxg7 Kxg7 28. Rxe6 Rxe6 29. Rxe6 Rf6 0-1


[Site "https://www.chess.com"]

[Event "Titled Tuesday Blitz May 23 Early 2023"]
[White "Kohler, Aran"]
[Black "Torres Hernandez, Leslie Carolin"]
[WhiteFideId "1002856"]
[BlackFideId "8400504"]
[WhiteElo "2392"]
[BlackElo "1920"]
[Result "1-0"]
[Round "07"]
[TimeControl "180+2"]
[Date "2023.05.23"]
[WhiteClock "0:01:14"]
[BlackClock "0:00:51"]

1. d4 Nf6 2. c3 d5 3. Bg5 e6 4. Nd2 c5 5. e3 Nc6 6. Bd3 cxd4 7. exd4 Be7 8. Ngf3 O-O 9. h4 Qc7 10. Qe2 Nh5 11. Bxe7 Qxe7 12. g3 f5 13. O-O-O Bd7 14. Kb1 Rab8 15. Ne5 Nxe5 16. dxe5 g6 17. Qe3 b5 18. Qxa7 b4 19. c4 Ra8 20. Qb6 Rfb8 21. Qd6 Qxd6 22. exd6 d4 23. c5 Bc6 24. Rhe1 Bd5 25. Bc4 Nf6 26. Bxd5 exd5 1-0


[Site "https://www.chess.com"]

[Event "Titled Tuesday Blitz May 23 Early 2023"]
[White "Nugumanov, Bakhtiyar"]
[Black "Vargas, Gabriela"]
[WhiteFideId "13701797"]
[BlackFideId "3700860"]
[WhiteElo "2209"]
[BlackElo "2057"]
[Result "1-0"]
[Round "07"]
[TimeControl "180+2"]
[Date "2023.05.23"]
[WhiteClock "0:00:05"]
[BlackClock "0:00:10"]

1. Nf3 d5 2. g3 c6 3. Bg2 Bg4 4. c4 e6 5. cxd5 exd5 6. O-O Nd7 7. d4 Ngf6 8. Nc3 Bd6 9. Ng5 h6 10. Nh3 O-O 11. f3 Bf5 12. Nf2 Bg6 13. e4 dxe4 14. fxe4 Bb4 15. Bf4 Re8 16. e5 Bxc3 17. bxc3 Nd5 18. Bd2 b5 19. a4 a6 20. Qf3 Qe7 21. Ne4 Bxe4 22. Qxe4 N7b6 23. Qg4 Kh8 24. Qh5 Kg8 25. Qg4 Qe6 26. Qh4 Nc4 27. Ra2 bxa4 28. Bh3 Qe7 29. Qh5 Nxd2 30. Rxd2 Nxc3 31. Rdf2 Rf8 32. Bf5 Nd5 33. Bb1 a3 34. Qf5 g6 35. Qg4 Qg5 36. Qe4 Rad8 37. e6 Qe3 38. exf7+ Kg7 39. Qxg6+ Kh8 40. Qh7# 1-0


[Site "https://www.chess.com"]

[Event "Titled Tuesday Blitz May 23 Early 2023"]
[White "Davidson, Kevin"]
[Black "Ruge, Edison"]
[WhiteFideId "2056810"]
[BlackFideId "4401000"]
[WhiteElo "2151"]
[BlackElo "2175"]
[Result "1-0"]
[Round "07"]
[TimeControl "180+2"]
[Date "2023.05.23"]
[WhiteClock "0:00:02"]
[BlackClock "0:00:00"]

1. e4 e5 2. Nf3 Nc6 3. Bb5 f5 4. Nc3 fxe4 5. Nxe4 Nf6 6. Nxf6+ Qxf6 7. Qe2 Be7 8. Bxc6 dxc6 9. Nxe5 O-O 10. O-O Bd6 11. f4 Bf5 12. d3 Rae8 13. Re1 c5 14. Bd2 Bxe5 15. fxe5 Qe6 16. Bc3 Bg6 17. b3 b6 18. a4 Rf5 19. Rf1 Ref8 20. Rxf5 Rxf5 21. Re1 h5 22. Qe3 Be8 23. Qg3 Bc6 24. Qh4 Kh7 25. h3 Qg6 26. Re2 Rg5 27. g4 Kg8 28. Bd2 Rf5 29. e6 Rf8 30. e7 Re8 31. Qxh5 Qxh5 32. gxh5 Kf7 33. Bg5 Bd5 34. Re5 Be6 35. Kh2 c6 36. Kg3 Rh8 37. Bh4 Bd7 38. Kf4 Be8 39. Kg3 Kg8 40. Rf5 Bxh5 41. Rf8+ Kh7 42. Kf4 Be8 43. Bg5 g6 44. Bf6 Rg8 45. Kg5 Bd7 46. h4 Be8 47. Be5 Bd7 48. c3 a6 49. Bc7 b5 50. a5 Kg7 51. Be5+ Kh7 52. Bd6 c4 53. bxc4 bxc4 54. d4 Kg7 55. Be5+ Kh7 56. Kf6 Be8 57. Ke6 g5 58. hxg5 Rg6+ 59. Kf5 Rg8 60. Ke4 Bg6+ 61. Ke3 Be8 62. Kd2 Bd7 63. Kc1 Rxg5 64. e8=Q Bxe8 65. Rxe8 Rg2 66. Kb1 Rd2 67. Re6 Rd3 68. Rxc6 Rxc3 69. Rxa6 Rb3+ 70. Kc2 1-0


[Site "https://www.chess.com"]

[Event "Titled Tuesday Blitz May 23 Early 2023"]
[White "Guevara Sanchez, Erick Marvin"]
[Black "Kabilov, Amin"]
[WhiteFideId "6700136"]
[BlackFideId "14700859"]
[WhiteElo "2040"]
[BlackElo "2110"]
[Result "0-1"]
[Round "07"]
[TimeControl "180+2"]
[Date "2023.05.23"]
[WhiteClock "0:00:01"]
[BlackClock "0:00:13"]

1. e4 e5 2. Nf3 d6 3. d4 exd4 4. Nxd4 Nf6 5. Nc3 Be7 6. Bc4 O-O 7. O-O Nxe4 8. Nxe4 d5 9. Bd3 dxe4 10. Bxe4 Nd7 11. Qf3 Ne5 12. Qh5 Ng6 13. Be3 Bd6 14. Nf5 Bxf5 15. Bxf5 Re8 16. Rad1 Qf6 17. c3 Re5 18. g4 Bc5 19. Bxc5 Rxc5 20. Qh3 Qg5 21. f4 Qf6 22. Bb1 h6 23. f5 Ne5 24. Rfe1 Re8 25. Qg3 a5 26. h4 Qb6 27. Kh1 Qxb2 28. Be4 Rxc3 29. Qf4 Rh3+ 30. Kg1 Rxh4 31. Bd5 Rxg4+ 32. Qxg4 Nxg4 33. Rxe8+ Kh7 34. Bg2 Qf2+ 35. Kh1 Qh4+ 36. Kg1 Qf2+ 37. Kh1 Ne3 38. Rg1 Qh4+ 0-1


[Site "https://www.chess.com"]

[Event "Titled Tuesday Blitz May 23 Early 2023"]
[White "Kotepalli, Sai Nirupama"]
[Black "Jaivardhan Raj"]
[WhiteFideId "5039444"]
[BlackFideId "25744437"]
[WhiteElo "2377"]
[BlackElo "1772"]
[Result "0-1"]
[Round "07"]
[TimeControl "180+2"]
[Date "2023.05.23"]
[WhiteClock "0:00:00"]
[BlackClock "0:00:07"]

1. e4 c5 2. Nf3 e6 3. d3 Nc6 4. g3 a6 5. Bg2 Qc7 6. O-O Nf6 7. c3 d6 8. Qe2 Be7 9. d4 cxd4 10. cxd4 O-O 11. Nc3 b5 12. e5 dxe5 13. dxe5 Nd7 14. Bf4 Bb7 15. Rac1 Rac8 16. Rfd1 Nc5 17. a3 Nb3 18. Rc2 Rfd8 19. Ne4 Rxd1+ 20. Qxd1 Rd8 21. Qf1 Qb6 22. Nd6 Ba8 23. Rc3 Nba5 24. Qc1 b4 25. axb4 Nxb4 26. Rc8 Nd3 27. Rxd8+ Bxd8 28. Qc8 Bxf3 29. Be3 Qc7 30. Qxc7 Bxc7 31. Bxf3 Nxb2 32. Be2 Na4 33. Bxa6 Nc6 34. f4 Nc3 35. Kf1 Nd5 36. Bd2 f6 37. Bc8 Nd8 38. Nb5 fxe5 39. Nxc7 Nxc7 40. Ba5 Nd5 41. Bxd8 Ne3+ 42. Ke2 exf4 43. Bxe6+ Kf8 44. gxf4 Ng2 45. Kf3 Ne1+ 46. Ke4 Ke8 47. Bb6 Nc2 48. Kd3 Nb4+ 49. Kc4 Nc6 50. Bd5 Ne7 51. Kb5 Nxd5 52. Kc6 Nxf4 53. Bc5 Ne6 54. Bd6 Ng5 55. h4 Nf3 56. h5 Kf7 57. Kd7 Ng5 58. h6 gxh6 59. Bf4 Kg6 60. Kd6 Kf5 61. Bh2 h5 62. Kd5 Nf3 63. Bg3 h4 64. Bb8 h3 65. Kc4 h2 0-1


[Site "https://www.chess.com"]